 Dungeon Crawl Stone Soup version 0.30.1-3-gfc49f6343a (webtiles) character file.

Game seed: 9836391503697029436

43 thotpolice the Magician (level 3, -1/27 HPs)
             Began as a Hill Orc Hedge Wizard on Aug 7, 2023.
             Slain by Sigmund
             ... wielding a +0 scythe
              (12 damage)
             ... on level 2 of the Dungeon.
             The game lasted 00:06:34 (1255 turns).

thotpolice the Magician (Hill Orc Hedge Wizard)     Turns: 1255, Time: 00:06:35

Health: -1/27      AC:  2    Str: 12    XL:     3   Next: 58%
Magic:  7/7        EV: 12    Int: 16    God:
Gold:   100        SH:  0    Dex: 10    Spells: 7/8 levels left

rFire   . . .        a - +0 dagger
rCold   . . .        (no shield)
rNeg    . . .        b - +0 robe
rPois   .            c - +0 hat
rElec   .            (no cloak)
rCorr   .            (no gloves)
SInv    .            (no boots)
Will    .....        e - amulet of magic regeneration
Stlth   ++           (no ring)
HPRegen 0.24/turn    (no ring)
MPRegen 0.50/turn

%: no passive effects
@: no status effects
A: no striking features
a: no special abilities


You were on level 2 of the Dungeon.
You visited 1 branch of the dungeon, and saw 2 of its levels.

You collected 100 gold pieces.

Inventory:

Hand Weapons
 a - a +0 dagger (weapon)
Armour
 b - a +0 robe (worn)
 c - a +0 hat (worn)
Jewellery
 e - an amulet of magic regeneration (around neck)
 f - an amulet of regeneration
 m - a +6 ring of intelligence
Scrolls
 h - a scroll of fog {unknown}
 j - a scroll of magic mapping {unknown}
 l - a scroll of poison {unknown}
Potions
 d - 2 potions of magic
 g - a potion of curing {unknown}
 i - a potion of lignification {unknown}
 k - a potion of attraction {unknown}


   Skills:
 + Level 0.3 Fighting
 + Level 2.0 Dodging
 + Level 1.9 Stealth
 + Level 3.0 Spellcasting
 + Level 1.4 Conjurations
 + Level 1.0 Summonings
 + Level 0.7 Translocations


You had 7 spell levels left.
You knew the following spells:

 Your Spells              Type           Power      Damage    Failure   Level
a - Magic Dart            Conj           28%        1d4       11%         1

Your spell library contained the following spells:

 Spells                   Type           Power      Damage    Failure   Level
 Slow                     Hex            8%         N/A       19%         1
 Call Imp                 Summ           10%        N/A       19%         2
 Blink                    Tloc           8%         N/A       22%         2
 Cigotuvi's Dreadful Rot  Necr/Pois/Air  4%         N/A       28%         2
 Mephitic Cloud           Conj/Pois/Air  3%         N/A       43%         3


Dungeon Overview and Level Annotations

Branches:
Dungeon (2/15)

Altars:

Annotations:
D:2 Sigmund


Message History

Okay, then.
Unknown command.
You see here a frilled lizard corpse.
You see here a giant cockroach corpse.
Found 4 stones.
You see here 4 stones.
m - a +6 ring of intelligence
Found a dagger.
You now have 100 gold pieces (gained 7).
You see here a giant cockroach corpse.
You see here a frilled lizard corpse.
Sigmund is nearby!
You see here a frilled lizard corpse.
Sigmund shouts!
Sigmund casts a spell at you. The puff of flame hits you.
Sigmund mumbles some strange words.
Sigmund flickers and vanishes!
Deactivating autopickup; reactivate with Ctrl-A.
Something tries to affect you, but you resist.
A ball python comes into view.
You are confused.
You're too confused to move!
You're too confused to cast spells.
Sorry, you're not good enough to have a special ability.
Unknown command.
You bump into the rock wall.
You feel less confused.
You see here an adder skeleton.
A magic dart appears from out of thin air!
The magic dart hits you.
You see here a +0 ring mail.
You are confused.
You see here 4 stones.
You bump into the rock wall.
Something hits you!
You feel less confused. Something hits you! Something hits you!
You die...

#....(..[####.####.#.#
####.###....รท......#.#
#.########.######..
#....# ###.### ###
####.# #.....# #.#
#.....# ###.# #.....#
#...# #.....# #@###
#.....# #.# ####### #.#
##.## #...#####
#.#.....# #...#.#.#
######.
##.##.#.#####......
#.##........<#


There were no monsters in sight!

Vanquished Creatures
  An adder (D:2)
  4 endoplasms
  2 giant cockroaches
  4 goblins
  3 hobgoblins (D:1)
  A quokka (D:1)
  2 ball pythons (D:1)
  2 bats (D:1)
  3 frilled lizards
  4 kobolds (D:1)
  5 rats (D:1)
31 creatures vanquished.

Notes
Turn   | Place    | Note
-------+----------+-------------------------------------------
     0 | D:1      | thotpolice the Hill Orc Hedge Wizard began the quest for
                  | the Orb.
     0 | D:1      | Reached XP level 1. HP: 14/14 MP: 3/3
   138 | D:1      | Found a faded altar of an unknown god.
   221 | D:1      | Reached XP level 2. HP: 20/20 MP: 1/5
   616 | D:1      | Reached XP level 3. HP: 26/26 MP: 4/7
  1063 | D:2      | Reached skill level 3 in Spellcasting
  1081 | D:2      | Noticed Sigmund
  1255 | D:2      | Slain by Sigmund

Illustrated notes

Levels and vault maps discovered:
D:1:      dpeg_arrival_simpleton_b, layout_basic,
          shapermc_ecumenical_altar_mp_ritualfount,
          amcnicky_mini_corridor_feature
D:2:      layout_loops_cross, basic_altar, serial_bayou_ford_a, uniq_sigmund

Skill      XL: |  1  2  3 |
---------------+----------+-----
Dodging        | 2 |  2.0
Spellcasting   | 3 |  3.0
Fighting       | |  0.3
Stealth        | |  1.9
Conjurations   | |  1.4
Summonings     | |  1.0
Translocations | |  0.7

Action                     || total
---------------------------++-------
  Melee: Dagger            ||    46
   Cast: Magic Dart        ||    85
 Armour: Robe              ||    11
  Dodge: Dodged            ||    37
